 Dungeon Crawl Stone Soup version 0.27.1-2-g3b301248ec (console) character file.

Game seed: 13235913946208895559

1965 Banquo the Chopper (level 9, -2/64 HPs)
             Began as a Djinni Berserker on Oct 2, 2021.
             Was a Priest of Trog.
             Slain by Blork the orc (13 damage)
             ... on level 5 of the Dungeon.
             The game lasted 00:17:36 (7122 turns).

Banquo the Chopper (Djinni Berserker)               Turns: 7122, Time: 00:17:37

Health: -2/64      AC: 11    Str: 16    XL:     9   Next: 42%
Gold:   279        EV:  7    Int: 13    God:    Trog [***...] SH:  4 Dex: 12

rFire    + + .     SeeInvis .   a - +0 war axe
rCold    x . .     Faith    .   i - +0 buckler
rNeg     . . .     Spirit   .   d - +0 chain mail
rPois    ∞         Reflect  .   h - +0 helmet
rElec    .         Harm     .   (no cloak)
rCorr    +         Rampage  .   (no gloves)
Will     .....                  (boots unavailable)
Stlth    ..........             (no amulet)
HPRegen  0.20/turn              e - ring of resist corrosion
MPRegen  0.00/turn              (no ring)

@: brilliant, on berserk cooldown, attractive, flying, slowed, very slow
A: sickness immunity, fire resistance 2, cold vulnerability 1, float, innate
caster, hp casting, extra vitality 1
a: Renounce Religion, Berserk, Trog's Hand


You were on level 5 of the Dungeon.
You worshipped Trog.
Trog was most pleased with you.
You visited 1 branch of the dungeon, and saw 5 of its levels.

You collected 279 gold pieces.

Inventory:

Hand Weapons
 a - a +0 war axe (weapon)
 b - a +2 whip of freezing
 n - a +0 whip
 p - a +0 hand axe
 x - a +2 dagger of venom
Missiles
 j - 36 poisoned darts (quivered)
 k - 140 stones
Armour
 d - a +0 chain mail (worn)
 h - a +0 helmet (worn)
 i - a +0 buckler (worn)
 t - a +0 tower shield
 J - a +0 animal skin
 K - a +1 robe of fire resistance
Jewellery
 e - a ring of resist corrosion (left hand)
 H - a ring of fire
Wands
 E - a wand of digging (5)
 G - a wand of iceblast (7)
Scrolls
 c - a scroll of brand weapon {unknown}
 f - 4 scrolls of blinking {unknown}
 l - 4 scrolls of identify {unknown}
 m - 4 scrolls of teleportation {unknown}
 q - 2 scrolls of enchant weapon {unknown}
 r - a scroll of fog {unknown}
 s - 5 scrolls of noise {unknown}
 w - 2 scrolls of vulnerability {unknown}
 y - 2 scrolls of amnesia {unknown}
 A - a scroll of immolation {unknown}
 B - 3 scrolls of enchant armour {unknown}
Potions
 o - a potion of ambrosia {unknown}
 u - a potion of attraction
 v - a potion of resistance {unknown}
 z - a potion of degeneration {unknown}
 C - 2 potions of lignification
 D - a potion of invisibility {unknown}
 F - a potion of flight {unknown}
 I - a potion of heal wounds {unknown}


   Skills:
 + Level 4.9 Fighting
 * Level 7.3 Axes
 * Level 6.5 Armour
 + Level 2.7 Dodging
 * Level 3.3 Shields


You couldn't memorise any spells.
You knew the following spells:

 Your Spells              Type           Power      Damage    Failure   Level
a - Corona                Hex            0%         N/A       99%         1
b - Passwall              Tmut/Erth      0%         N/A       100%        2
c - Vampiric Draining     Necr           0%         2d6       100%        3
d - Cause Fear            Hex            0%         N/A       100%        4
Your spell library was empty.


Dungeon Overview and Level Annotations

Branches:
Dungeon (5/15)
 Temple: D:4-7

Altars:

Annotations:
D:3 1 runed translucent door, 2 transporters, glosham's ghost, weakling DjEn
D:5 2 transporters, Blork the orc; kalagan's ghost, novice DECj


Innate Abilities, Weirdness & Mutations

You are immune to sickness and miasma.
You are immune to poison.
Your flesh is very heat resistant. (rF++)
You are vulnerable to cold. (rC-)
You float through the air rather than walking.
You learn spells naturally, not from books.
Your magical power is your life essence.
You have superior vitality. (+4 HP)


Message History

a +0 club; a +0 club; a gnoll corpse You feel a strong urge to attack something.
You are no longer berserk.
You are exhausted.
You feel yourself slow down. Blork the orc barely misses you.
Items here: ))) [ †††.
You slash Blork the orc!
Blork the orc is moderately wounded.
You feel the effects of Trog's Hand fading.
The gnoll closely misses you. Blork the orc barely misses you.
You block Blork the orc's attack. The gnoll barely misses you.
You slash Blork the orc!
Blork the orc is almost dead.
The gnoll hits you but does no damage.
Blork the orc hits you but does no damage.
You hit Blork the orc but do no damage.
Blork the orc is almost dead.
Blork the orc hits you with a +3 dire flail of protection.
The gnoll hits you from afar with a +0 spear.
Blork the orc hits you with a +3 dire flail of protection!
The gnoll hits you from afar with a +0 spear.
You barely miss Blork the orc.
Blork the orc is almost dead.
Blork the orc hits you with a +3 dire flail of protection!
The gnoll hits you but does no damage.
Blork the orc screams, "I'll drink your blood!
Soon!"
Blork the orc hits you with a +3 dire flail of protection!
* * * LOW HITPOINT WARNING * * *
The gnoll barely misses you.
It was a potion of attraction.
You feel attractive to monsters.
Your skin stops crawling.
You feel less strong-willed.
Blork the orc hits you with a +3 dire flail of protection!
* * * LOW HITPOINT WARNING * * *
The gnoll hits you but does no damage.
It was a potion of brilliance.
You feel clever all of a sudden. The gnoll hits you but does no damage.
Blork the orc hits you with a +3 dire flail of protection!
You die...

'.....g..#
#...g....#
#......... #..# #..#
#....... #.##
#...(... #g# #......
#o# #..5K. #@# #.5..
#.# ####...
#)######....5#
#.)........#5###
#..........#...#
#..........###.###
#.................
###.........#.##..##
#.....#######.......


You could see Blork the orc and a gnoll.

Vanquished Creatures
  Pikel (D:5)
  Edmund (D:5)
  An ice beast (D:5)
  A black bear (D:5)
  A sky beast (D:5)
  A necrophage (D:5)
  3 ogres
  A lemure (D:5)
  A kobold brigand (D:4)
  A water moccasin skeleton (D:4)
  A jelly (D:5)
  A centaur skeleton (D:5)
  4 hounds
  2 bullfrog skeletons
  A gnoll shaman (D:5)
  Ijyb (D:5)
  4 iguanas (D:5)
  A scorpion zombie (D:5)
  Robin (D:2)
  8 gnolls
  6 adders
  A white imp (D:5)
  An ufetubus (D:5)
  A worm (D:3)
  A dart slug (D:3)
  7 orcs
  9 endoplasms
  14 goblins
  5 hobgoblins
  4 jackals (D:2)
  13 kobolds
  8 quokkas
  6 ball pythons
  7 bats
  3 frilled lizards
  6 rats
128 creatures vanquished.

Vanquished Creatures (others)
  11 plants (D:4)
11 creatures vanquished.

Grand Total: 139 creatures vanquished

Notes
Turn   | Place    | Note
-------+----------+-------------------------------------------
     0 | D:1      | Banquo the Djinni Berserker began the quest for the Orb.
     0 | D:1      | Reached XP level 1. HP: 20/20 MP: 0/0
   373 | D:1      | Reached XP level 2. HP: 25/25 MP: 0/0
   885 | D:1      | Reached XP level 3. HP: 25/30 MP: 0/0
   885 | D:1      | Learned a level 1 spell: Corona
  1283 | D:2      | Reached skill level 3 in Axes
  1337 | D:2      | Found a faded altar of an unknown god.
  1885 | D:2      | Noticed Robin
  1896 | D:2      | Reached XP level 4. HP: 15/35 MP: 0/0
  1899 | D:2      | Reached ** piety under Trog
  1907 | D:2      | Killed Robin
  2504 | D:3      | Found a runed translucent door.
  2510 | D:3      | Found a transporter.
  2595 | D:3      | Noticed glosham's ghost (weakling DjEn)
  2856 | D:3      | Reached XP level 5. HP: 40/40 MP: 0/0
  2856 | D:3      | Learned a level 2 spell: Passwall
  3006 | D:3      | Found a transporter.
  3939 | D:4      | Reached XP level 6. HP: 46/46 MP: 0/0
  4056 | D:4      | Reached skill level 4 in Axes
  4136 | D:4      | Reached *** piety under Trog
  4341 | D:4      | Reached skill level 1 in Shields
  4475 | D:4      | Noticed an ogre
  4486 | D:4      | Killed an ogre
  4487 | D:4      | Reached XP level 7. HP: 30/50 MP: 0/0
  4487 | D:4      | Learned a level 3 spell: Vampiric Draining
  5219 | D:5      | Entered Level 5 of the Dungeon
  5396 | D:5      | Reached skill level 5 in Axes
  5498 | D:5      | Noticed Edmund
  5514 | D:5      | Killed Edmund
  5636 | D:5      | Reached XP level 8. HP: 52/58 MP: 0/0
  5742 | D:5      | Found a transporter.
  5771 | D:5      | Found a transporter.
  5774 | D:5      | Noticed kalagan's ghost (novice DECj)
  5857 | D:5      | Noticed Ijyb
  5866 | D:5      | Killed Ijyb
  6035 | D:5      | Reached skill level 5 in Armour
  6089 | D:5      | Noticed Pikel
  6290 | D:5      | Reached skill level 6 in Axes
  6581 | D:5      | Reached XP level 9. HP: 42/63 MP: 0/0
  6581 | D:5      | Learned a level 4 spell: Cause Fear
  6754 | D:5      | Killed Pikel
  6755 | D:5      | Reached skill level 7 in Axes
  7109 | D:5      | Noticed Blork the orc
  7122 | D:5      | Slain by Blork the orc

Illustrated notes

Levels and vault maps discovered:
D:1:      beargit_arrival_diablo_church, layout_basic
D:2:      layout_loops_corners, basic_ecumenical_altar, uniq_robin
D:3:      gammafunk_steamed_eel, layout_loops_corners, ebering_ghost_sewer_d,
          skrybe_limestone_x
D:4:      layout_rooms, minmay_crystal_room, chequers_serial_rivers_small_3,
          minivault_23, lexackson_kobold_supper
D:5:      layout_basic, gammafunk_ghost_mausoleum, minmay_joined_circles,
          uniq_pikel, uniq_ijyb, uniq_blork_the_orc, uniq_edmund

Skill      XL: |  1  2  3  4  5  6  7  8  9 |
---------------+----------------------------+-----
Axes           | 3 4 5 6 7 |  7.3
Armour         | 3 4 5 6 |  6.5
Shields        | 1 2 3 |  3.3
Fighting       | 4 |  4.9
Dodging        | |  2.7

Action                   |  1- 3 |  4- 6 |  7- 9 || total
-------------------------+-------+-------+-------++-------
Melee: Hand axe          |    95 |    57 |       ||   152
       War axe           |       |   120 |   233 ||   353
Invok: Berserk           |     1 |     5 |     9 ||    15
       Trog's Hand       |       |       |     5 ||     5
  Use: Potion            |       |       |     3 ||     3
Armor: Animal skin       |     3 |       |       ||     3
       Chain mail        |    55 |   103 |   111 ||   269
       Skin              |       |       |     3 ||     3
Dodge: Dodged            |    35 |    67 |    76 ||   178
Block: Buckler           |       |    10 |    36 ||    46
